 Dungeon Crawl Stone Soup version 0.31-a0-986-g5e6e4ef867 (webtiles) character file.

Game seed: 7344085416692318007

11255 gelatine the Cleaver (level 11, -12/84 HPs)
             Began as a Demonspawn Fighter on Nov 20, 2023.
             Mangled by a frost giant
             ... wielding a +0 battleaxe of freezing
              (37 damage)
             ... in an ice cave.
             The game lasted 00:37:25 (11497 turns).

gelatine the Cleaver (Demonspawn Fighter)          Turns: 11497, Time: 00:37:26

Health: -12/84     AC: 15    Str: 21    XL:     11   Next: 46%
Magic:  0/17       EV: 15    Int:  9    God:
Gold:   671        SH:  6    Dex: 19    Spells: 11/18 levels left

rFire   x . .        w - +1 broad axe (freeze)
rCold   + . .        c - +0 buckler
rNeg    . . .        D - +3 leather armour
rPois   .            p - +2 helmet
rElec   .            i - +0 cloak
rCorr   .            (no gloves)
SInv    .            F - +1 pair of boots
Will    +....        t - amulet of guardian spirit
Stlth   ++           E - +6 ring of dexterity
HPRegen 0.34/turn    e - ring of ice
MPRegen 0.15/turn

%: guardian spirit
@: about to teleport, enlightened, flying
A: icy blue scales 1, foul stench 2, spiny 2, weakness stinger 2
a: no special abilities


You were in an ice cave.
You visited 2 branches of the dungeon, and saw 12 of its levels.
You also visited: Sewer and Ice Cave.

You collected 671 gold pieces.

Inventory:

Hand Weapons
 a - a +1 war axe
 w - a +1 broad axe of freezing (weapon)
 I - a +4 hand axe
Missiles
 C - 2 darts of dispersal
 G - 3 throwing nets
 P - 2 datura-tipped darts
 S - 2 poisoned darts (quivered)
Armour
 c - a +0 buckler (worn)
 i - a +0 cloak (worn)
 p - a +2 helmet (worn)
 u - a +0 kite shield
 D - a +3 leather armour (worn)
 F - a +1 pair of boots (worn)
 H - a +2 chain mail of fire resistance
 O - a +0 troll leather armour
Jewellery
 e - a ring of ice (right hand)
 g - a ring of see invisible
 t - an amulet of guardian spirit (around neck)
 E - a +6 ring of dexterity (left hand)
Wands
 b - a wand of mindburst (7)
 x - a wand of digging (5)
 y - a wand of paralysis (6)
 Q - a wand of iceblast (1)
Scrolls
 f - a scroll of amnesia
 l - a scroll of immolation
 m - 3 scrolls of fog
 o - a scroll of enchant armour
 v - 2 scrolls of teleportation
 B - 3 scrolls of enchant weapon
 K - 3 scrolls of vulnerability
 M - a scroll of noise {unknown}
Potions
 d - 3 potions of brilliance
 h - 2 potions of heal wounds
 j - 5 potions of curing
 k - a potion of enlightenment
 n - 3 potions of lignification {unknown}
 q - 3 potions of attraction
 r - 2 potions of mutation {unknown}
 s - 6 potions of invisibility
 z - 4 potions of cancellation
 A - 2 potions of degeneration {unknown}
 J - a potion of resistance {unknown}
 L - a potion of berserk rage
 N - a potion of ambrosia {unknown}
 R - a potion of magic {unknown}


   Skills:
 * Level 7.2 Fighting
 * Level 9.3 Axes
 + Level 1.8 Throwing
 * Level 6.7 Armour
 * Level 6.0 Dodging
 + Level 1.2 Stealth
 * Level 5.8 Shields
 * Level 4.3 Spellcasting
 + Level 2.2 Transmutations
 + Level 2.6 Fire Magic
 * Level 4.5 Poison Magic


You had 11 spell levels left.
You knew the following spells:

 Your Spells              Type           Power      Damage    Failure   Level
a - Ignite Poison         Fire/Tmut/Pois 7%         N/A       30%         3
b - Olgreb's Toxic Radia  Pois           10%        N/A       50%         4

Your spell library contained the following spells:

 Spells                   Type           Power      Damage    Failure   Level
 Cigotuvi's Dreadful Rot  Necr/Pois/Air  8%         N/A       28%         2
 Sublimation of Blood     Necr           1%         N/A       47%         2
 Inner Flame              Hex/Fire       4%         N/A       52%         3
 Petrify                  Tmut/Erth      4%         N/A       92%         4
 Brom's Barrelling Bould  Conj/Erth      1%         2d3       98%         4
 Fireball                 Conj/Fire      2%         3d4       99%         5
 Irradiate                Conj/Tmut      2%         3d12      99%         5
 Yara's Violent Unravell  Hex/Tmut       2%         3d3       99%         5
 Freezing Cloud           Conj/Ice/Air   1%         6-21      100%        5
 Iskenderun's Battlesphe  Conj           1%         2d6       100%        5
 Conjure Ball Lightning   Conj/Air       0%         3x3d6     100%        6
 Enfeeble                 Hex            0%         N/A       100%        7
 Orb of Destruction       Conj           0%         9d5       100%        7
 Discord                  Hex            0%         N/A       100%        8
 Ignition                 Fire           3%         3d4       100%        8


Dungeon Overview and Level Annotations

Branches:
Dungeon (11/15)            Temple (1/1) D:7            Lair (0/5) D:8
  Sewer (visited)           IceCv (1/1)
    Orc: D:9-12

Altars:
Ashenzari
Cheibriados
Dithmenos
Fedhas
Gozag
Hepliaklqana
Kikubaaqudgha
Makhleb
Nemelex Xobeh
Okawaru
Qazlal
Ru
Sif Muna
Trog
Uskayaw
Vehumet
Wu Jian
Xom
Yredelemnul

Annotations:
D:11 3 runed translucent doors, Pokonic1's ghost, journeyman DsIE IceCv exclusion: ice statue


Innate Abilities, Weirdness & Mutations

You are partially covered in icy blue scales. (AC +2)
You sometimes emit foul miasma when damaged in melee.
You are mostly covered in sharp spines.
You have a tail ending in a sharp stinger.


Message History

The frost giant casts a spell at you. The bolt of cold hits you! You resist.
The frost giant hits you but does no damage.
You hit the frost giant but do no damage.
You tail-slap the frost giant, but do no damage.
The frost giant is lightly wounded.
The frost giant hits you with a +0 battleaxe of freezing!
The frost giant freezes you.
You hit the frost giant but do no damage.
The frost giant is lightly wounded.
The frost giant is struck by your spines.
The frost giant closely misses you.
You hit the frost giant but do no damage.
You tail-slap the frost giant.
The frost giant is lightly wounded.
The frost giant is struck by your spines.
The frost giant hits you with a +0 battleaxe of freezing!!
The frost giant freezes you.
You completely miss the frost giant.
The frost giant is lightly wounded.
The frost giant closely misses you.
You hit the frost giant.
The frost giant is lightly wounded.
You block the frost giant's attack.
You hit the frost giant but do no damage.
The frost giant is lightly wounded.
The frost giant casts a spell at you. The bolt of cold hits you! You resist.
You feel much better. The frost giant completely misses you.
You hit the frost giant.
The frost giant is lightly wounded.
The frost giant hits you with a +0 battleaxe of freezing!!
The frost giant points at you and mumbles some strange words.
The bolt of cold hits you!! You resist.
* * * LOW HITPOINT WARNING * * *
As you read the scroll of teleportation, it crumbles to dust.
You feel strangely unstable.
The frost giant is struck by your spines.
The frost giant hits you with a +0 battleaxe of freezing!!!
You die...

#######
.......####
.......C..##
.Yh.####...###
. #).###...##
}.[.)##...#
=)$$$$#...#
$$....#C..#
##.....@.##
........##
......##.###
########≈≈≈#
#≈≈≈## #≈≈≈≈#
##≈≈≈# ##≈≈##
##..#


You could see a frost giant.

Vanquished Creatures
  A two-headed ogre (D:8)
  A death yak (IceCv)
  Joseph (D:10)
  A kobold demonologist (D:10)
  3 rime drakes (IceCv)
  3 trolls
  3 polar bears (IceCv)
  A shadow (D:6)
  3 wraiths
  10 yaks
  A basilisk (D:8)
  3 wyverns
  2 orc warriors
  5 water moccasins
  3 black bears (D:8)
  A sky beast (D:6)
  6 wolves
  3 ogres
  An ice beast (D:6)
  2 centaurs
  A phantom (D:5)
  4 bullfrogs
  A kobold brigand (D:8)
  A gnoll sergeant (D:10)
  4 scorpions
  12 wights
  3 killer bees (D:9)
  9 howler monkeys
  4 hounds
  A jelly (D:5)
  2 orc priests
  2 sleepcaps
  Jessica (D:3)
  A gnoll bouda (D:6)
  3 iguanas
  A hell rat (Sewer)
  7 orc wizards
  Robin (D:2)
  13 gnolls
  12 adders
  3 river rats (Sewer)
  2 shadow imps
  6 ufetubi
  5 worms
  A dart slug (D:2)
  32 orcs
  5 bats
  9 endoplasms
  7 giant cockroaches
  12 goblins
  12 hobgoblins
  16 kobolds
  4 quokkas
  9 ball pythons
  5 frilled lizards
  12 rats
277 creatures vanquished.

Notes
Turn   | Place    | Note
-------+----------+-------------------------------------------
     0 | D:1      | gelatine the Demonspawn Fighter began the quest for the
                  | Orb.
     0 | D:1      | Reached XP level 1. HP: 18/18 MP: 1/1
    88 | D:1      | Gained mutation: You may rarely emit foul miasma when
                  | damaged in melee. [demonic ancestry]
    88 | D:1      | Reached XP level 2. HP: 24/24 MP: 2/2
   404 | D:1      | Reached skill level 2 in Axes
   718 | D:1      | Reached XP level 3. HP: 29/29 MP: 3/3
  1175 | D:2      | Noticed Robin
  1188 | D:2      | Killed Robin
  1189 | D:2      | Gained mutation: You are partially covered in sharp spines.
                  | [demonic ancestry]
  1189 | D:2      | Reached XP level 4. HP: 23/35 MP: 4/4
  1299 | D:2      | Learned a level 3 spell: Ignite Poison
  1378 | D:2      | Found a faded altar of an unknown god.
  1712 | D:3      | Identified the of Votzyu
  1720 | D:3      | Reached skill level 3 in Axes
  1898 | D:3      | Found a broken altar of Ashenzari.
  1955 | D:3      | Found a shimmering blue altar of Sif Muna.
  1986 | D:3      | Noticed Jessica
  1990 | D:3      | Gained mutation: You sometimes emit foul miasma when
                  | damaged in melee. [demonic ancestry]
  1990 | D:3      | Reached XP level 5. HP: 41/41 MP: 6/6
  1993 | D:3      | Killed Jessica
  2005 | D:3      | Found a basalt altar of Yredelemnul.
  2534 | D:4      | Found a sparkling altar of Nemelex Xobeh.
  2548 | D:4      | Gained mutation: You are partially covered in icy blue
                  | scales. (AC +2) [demonic ancestry]
  2548 | D:4      | Reached XP level 6. HP: 34/48 MP: 7/7
  2789 | D:4      | Found a glowing drain.
  2801 | D:4      | Reached skill level 1 in Fire Magic
  2807 | Sewer    | Entered a sewer
  2950 | Sewer    | Reached skill level 1 in Poison Magic
  4039 | D:5      | Entered Level 5 of the Dungeon
  4075 | D:5      | Found an ancient bone altar of Kikubaaqudgha.
  4082 | D:5      | Reached skill level 1 in Dodging
  4082 | D:5      | Reached skill level 1 in Spellcasting
  4082 | D:5      | Reached XP level 7. HP: 53/53 MP: 8/8
  4173 | D:5      | Reached skill level 4 in Axes
  4173 | D:5      | Reached skill level 1 in Transmutations
  4179 | D:5      | Learned a level 4 spell: Olgreb's Toxic Radiance
  5194 | D:6      | Gained mutation: You have a small tail. [demonic ancestry]
  5194 | D:6      | Reached XP level 8. HP: 19/60 MP: 9/11
  5705 | D:6      | Reached skill level 1 in Throwing
  5961 | D:6      | Reached skill level 5 in Axes
  6355 | D:6      | Reached skill level 5 in Fighting
  6764 | D:7      | Reached skill level 5 in Armour
  6862 | D:7      | Reached XP level 9. HP: 58/64 MP: 12/12
  7383 | D:7      | Found a staircase to the Ecumenical Temple.
  7715 | D:7      | Reached skill level 6 in Axes
  7909 | D:8      | Found an opulent altar of Gozag.
  7955 | Temple   | Entered the Ecumenical Temple
  8038 | D:8      | Noticed a two-headed ogre
  8043 | D:8      | Killed a two-headed ogre
  8044 | D:8      | Reached skill level 5 in Shields
  8154 | D:8      | Reached skill level 7 in Axes
  8377 | D:8      | Gained mutation: You have a tail ending in a sharp stinger.
                  | [demonic ancestry]
  8377 | D:8      | Reached XP level 10. HP: 36/76 MP: 9/14
  8827 | D:8      | Found a staircase to the Lair.
  9144 | D:9      | Reached skill level 8 in Axes
  9320 | D:9      | Found an ornate altar of the Wu Jian Council.
  9398 | D:9      | Reached skill level 5 in Dodging
  9784 | D:9      | Found a sacrificial altar of Ru.
  9794 | D:9      | Found a bloodstained altar of Trog.
 10024 | D:10     | Entered Level 10 of the Dungeon
 10066 | D:10     | Found a blossoming altar of Fedhas.
 10076 | D:10     | Found a stormy altar of Qazlal.
 10150 | D:10     | Noticed Joseph
 10166 | D:10     | Killed Joseph
 10316 | D:10     | Reached skill level 1 in Stealth
 10570 | D:10     | Noticed a rust devil
 10573 | D:10     | Gained mutation: You are mostly covered in sharp spines.
                  | [demonic ancestry]
 10573 | D:10     | Reached XP level 11. HP: 46/84 MP: 4/16
 10880 | D:10     | Identified a scroll of acquirement
 10880 | D:10     | Identified the of Qovvul (You acquired it on level 10 of
                  | the Dungeon)
 10880 | D:10     | Acquired a +1 broad axe of freezing
 10932 | D:11     | Found a runed translucent gate.
 10933 | D:11     | Found a runed translucent gate.
 10933 | D:11     | Found a runed translucent gate.
 10934 | D:11     | Noticed Pokonic1's ghost (journeyman DsIE)
 10961 | D:11     | Found a frozen archway.
 10971 | IceCv    | Entered an ice cave
 11082 | IceCv    | Reached skill level 9 in Axes
 11252 | IceCv    | Noticed a death yak
 11263 | IceCv    | Killed a death yak
 11474 | IceCv    | Noticed a frost giant
 11476 | IceCv    | Noticed a death yak
 11497 | IceCv    | Mangled by a frost giant

Illustrated notes

Levels and vault maps discovered:
D:1:      grunt_arrival_crossed_arrows, layout_basic, serial_aquarium,
          aquarium_bridge_straight [aquarium_subvault_bridge,
          aquarium_subvault_balcony, aquarium_subvault_bridge,
          aquarium_subvault_wall], aquarium_bridge_long_separate
          [aquarium_subvault_bridge, aquarium_subvault_wall,
          aquarium_subvault_bridge, aquarium_subvault_balcony,
          aquarium_subvault_bridge, aquarium_subvault_window],
          aquarium_window_2, aquarium_window_corner, aquarium_view_2e
D:2:      layout_basic, basic_ecumenical_altar, minmay_randomly_rotated_circles,
          uniq_robin
D:3:      layout_rooms, nicolae_overflow_hidden_temple, led_sif_book,
          lemuel_tele_altar, uniq_jessica
D:4:      layout_basic, mainiacjoe_overflow_catwalk,
          cheibrodos_sewer_entry_drain, minmay_misc_feat_columns
D:5:      layout_layer_cave, mainiacjoe_overflow_chevrons
D:6:      layout_basic, ebering_dispersal_statue_hall, minivault_26,
          hangedman_decor_lopped, grunt_potential
D:7:      layout_loops_cross, temple_doors_e
D:8:      layout_rooms, amcnicky_altar_gilded, minmay_lair_entry_grove
D:9:      layout_roguey, mainiacjoe_overflow_catwalk_spiral,
          nicolae_wu_jian_wuxing_cycle, zin_academy
D:10:     layout_gridville, grunt_temple_overflow_forces_of_nature, uniq_joseph
D:11:     layout_loops_corners, gammafunk_ghost_ooze,
          portal_ice_cave_entry_pillars_1
Temple:   hellmonk_temple_flake
IceCv:    ice_cave_small_giant

Skill      XL: |  1  2  3  4  5  6  7  8  9 10 11 |
---------------+----------------------------------+-----
Armour         | 3 4 5 6 |  6.7
Axes           | 2 3 4 5 7 8 9 |  9.3
Shields        | 3 4 5 |  5.8
Fire Magic     | 1 2 |  2.6
Poison Magic   | 1 2 3 4 |  4.5
Dodging        | 1 2 3 5 6 |  6.0
Spellcasting   | 1 2 3 4 |  4.3
Fighting       | 4 5 6 7 |  7.2
Transmutations | 1 2 |  2.2
Throwing       | 1 |  1.8
Stealth        | 1 |  1.2

Action                     |  1- 3 |  4- 6 |  7- 9 | 10-12 || total
---------------------------+-------+-------+-------+-------++-------
  Melee: War axe           |    88 |   134 |   143 |       ||   365
         Tailslap          |       |       |    44 |    56 ||   100
         Hand axe          |       |       |   140 |   204 ||   344
         Broad axe         |       |       |       |    67 ||    67
  Throw: Stone             |       |    25 |       |       ||    25
         Dart              |       |     2 |     7 |    13 ||    22
   Cast: Olgreb's Toxic Ra |       |       |       |     1 ||     1
         Ignite Poison     |       |       |       |     1 ||     1
  Evoke: Wand              |       |       |       |     3 ||     3
    Use: Scroll            |       |     8 |     4 |     6 ||    18
         Potion            |       |     2 |       |     3 ||     5
 Armour: Scale mail        |    70 |    66 |       |       ||   136
         Leather armour    |       |    26 |    73 |   193 ||   292
         Robe              |       |       |    88 |       ||    88
  Dodge: Dodged            |    49 |    48 |   163 |   180 ||   440
  Block: Buckler           |    25 |    29 |    59 |    80 ||   193

Table legend: (Time is in decaauts)
 A = Elapsed time spent in this place.
 B = Non-inter-level travel time spent in this place.
 C = Inter-level travel time spent in this place.
 D = Time resting spent in this place.
 E = Time spent auto-exploring this place.
 F = Levels seen in this place.
 G = Mean time per level.
                   A        B        C        D        E       F      G
               +--------+--------+--------+--------+--------+-----+--------+
         Total |  11670 |  10837 |    833 |      0 |   8093 |  14 |  833.6 |
       Dungeon |  10882 |  10049 |    833 |      0 |   7669 |  11 |  989.3 |
        Temple |      1 |      1 |      0 |      0 |      0 |   1 |    1.0 |
         Sewer |    252 |    252 |      0 |      0 |    163 |   1 |  252.0 |
      Ice Cave |    534 |    534 |      0 |      0 |    261 |   1 |  534.0 |
               +--------+--------+--------+--------+--------+-----+--------+

Top non-repeatable levels by time:
     D:6: 1493 daAuts
     D:5: 1304 daAuts
     D:7: 1238 daAuts
     D:4: 1076 daAuts
     D:3: 1059 daAuts
     D:8: 1046 daAuts
     D:9: 942 daAuts
     D:1: 931 daAuts
    D:10: 889 daAuts
     D:2: 827 daAuts
   IceCv: 534 daAuts
   Sewer: 252 daAuts
    D:11: 72 daAuts
  Temple: 1 daAuts
